 Dungeon Crawl Stone Soup version 0.28.0-47-ge53b351184 (webtiles) character file.

Game seed: 8573790254215497494

2473 Exodus22XD the Cleaver (level 9, 0/79 HPs)
             Began as a Hill Orc Monk on May 7, 2022.
             Slain by a two-headed ogre
             ... wielding a +0 dire flail
              (17 damage)
             ... on level 6 of the Dungeon.
             The game lasted 00:12:23 (8700 turns).

Exodus22XD the Cleaver (Hill Orc Monk)              Turns: 8700, Time: 00:12:24

Health: 0/79       AC: 15    Str: 18    XL:     9   Next: 51%
Magic:  9/9        EV:  8    Int: 10    God:
Gold:   249        SH:  0    Dex: 13    Spells: 8/8 levels left

rFire   . . .      SeeInvis .   v - +0 war axe
rCold   . . .      Faith    .   (no shield)
rNeg    . . .      Spirit   .   s - +0 chain mail
rPois   .          Reflect  .   g - +0 helmet
rElec   .          Harm     .   (no cloak)
rCorr   .          Rampage  .   (no gloves)
Will    +....                   h - +2 pair of boots
Stlth   ..........              (no amulet)
HPRegen 0.23/turn               c - ring of willpower
MPRegen 0.11/turn               (no ring)

@: no status effects
A: no striking features
a: no special abilities


You were on level 6 of the Dungeon.
You visited 1 branch of the dungeon, and saw 6 of its levels.
You also visited: Sewer.

You collected 309 gold pieces.
You spent 60 gold pieces at shops.

Inventory:

Hand Weapons
 j - a +1 mace of protection
 v - a +0 war axe (weapon)
Armour
 g - a +0 helmet (worn)
 h - a +2 pair of boots (worn)
 o - a +0 ring mail
 s - a +0 chain mail (worn)
 u - a +0 scale mail
Jewellery
 c - a ring of willpower (left hand)
Wands
 i - a wand of charming (5)
 q - a wand of polymorph (6)
 t - a wand of flame (17)
Scrolls
 b - 4 scrolls of vulnerability
 d - 7 scrolls of teleportation
 k - a scroll of enchant armour
 l - a scroll of fear
 p - 2 scrolls of noise {unknown}
Potions
 a - a potion of haste {unknown}
 e - 4 potions of curing
 m - a potion of mutation {unknown}
 n - 3 potions of heal wounds
 r - a potion of lignification


   Skills:
 + Level 7.6 Fighting
 + Level 11.3 Axes
 * Level 8.4 Armour
 - Level 2.4 Dodging
 - Level 1.5 Stealth


You had 8 spell levels left.
You didn't know any spells.
Your spell library was empty.

Dungeon Overview and Level Annotations

Branches:
Dungeon (6/15)              Sewer (visited)
 Temple: D:4-7

Altars:

Shops:
D:5 ?


Message History

The two-headed ogre shouts in stereo!
A centaur skeleton comes into view.
An iguana comes into view.
The two-headed ogre hits you with a +0 dire flail.
The two-headed ogre barely misses you.
You barely miss the two-headed ogre.
The iguana hisses angrily.
You hit the two-headed ogre.
The two-headed ogre is lightly wounded.
The two-headed ogre closely misses you. The two-headed ogre barely misses you.
You slash the two-headed ogre!
The two-headed ogre is lightly wounded.
The two-headed ogre barely misses you. The two-headed ogre closely misses you.
You hit the two-headed ogre.
The two-headed ogre is lightly wounded.
You hit the two-headed ogre.
The two-headed ogre is moderately wounded.
The two-headed ogre barely misses you.
The two-headed ogre hits you with a +0 giant club!
You hit the two-headed ogre.
The two-headed ogre is heavily wounded.
The two-headed ogre hits you but does no damage.
The two-headed ogre hits you with a +0 giant club.
You hit the two-headed ogre but do no damage.
The two-headed ogre is heavily wounded.
You slash the two-headed ogre!
The two-headed ogre is heavily wounded.
The two-headed ogre hits you with a +0 dire flail!
The two-headed ogre hits you with a +0 giant club!
You hit the two-headed ogre but do no damage.
The two-headed ogre is heavily wounded.
The iguana hisses menacingly.
The two-headed ogre hits you with a +0 dire flail!
* * * LOW HITPOINT WARNING * * *
The two-headed ogre hits you with a +0 giant club!!
* * * LOW HITPOINT WARNING * * *
You see here an adder corpse.
The iguana hisses menacingly.
You see here a +0 robe.
The two-headed ogre hits you with a +0 dire flail!
You die...

#....)...)......#
############.#####..#.#
.........# #.### #..#.#
########.# #...# #l.#.# # #.#
###.# #..#.# # #.# #.# #..#.# .#
# #.# #<# #..#.# #.##.# #
######.#####.###..#.# #>##.# #
#.............@O..#.######.##.#
###.####.#####.####.#............
....# #.# #.# #.#####.#......
##### #.# #.# #.#####....##.# #
#.# #.# #.........(##..
########.# #.############......
.........# #................###
########## ##############...#
#####


You could see a two-headed ogre.

Vanquished Creatures
  Grinder (D:4)
  Eustachio (D:4)
  A steam dragon (D:6)
  A black bear (D:5)
  An ice beast (D:5)
  3 ogres
  A necrophage (D:5)
  2 sky beasts (D:5)
  2 centaurs (D:5)
  Blork the orc (D:4)
  3 kobold brigands (Sewer)
  A scorpion (D:4)
  A wyvern skeleton (D:6)
  A water moccasin skeleton (D:5)
  A howler monkey (D:5)
  2 centaur zombies
  2 hounds
  A centaur skeleton (D:6)
  4 iguanas
  2 orc wizards (D:5)
  A hound skeleton (D:4)
  A howler monkey zombie (D:5)
  Robin (D:4)
  3 gnolls (D:3)
  A howler monkey skeleton (D:6)
  9 adders
  5 river rats
  2 ufetubi
  An adder skeleton (D:5)
  6 worms
  5 dart slugs
  6 orcs
  16 endoplasms
  7 giant cockroaches
  14 goblins
  11 hobgoblins
  2 quokkas
  15 ball pythons
  9 bats
  5 frilled lizards
  11 kobolds
  5 rats
168 creatures vanquished.

Notes
Turn   | Place    | Note
-------+----------+-------------------------------------------
     0 | D:1      | Exodus22XD the Hill Orc Monk began the quest for the Orb.
     0 | D:1      | Reached XP level 1. HP: 19/19 MP: 1/1
   176 | D:1      | Reached XP level 2. HP: 18/27 MP: 2/2
   621 | D:1      | Reached skill level 1 in Armour
   621 | D:1      | Found a faded altar of an unknown god.
   663 | D:1      | You fall into a shaft and drop 1 floor!
   700 | D:2      | Reached XP level 3. HP: 31/33 MP: 3/3
  1475 | D:2      | Reached skill level 5 in Axes
  1735 | D:2      | Reached XP level 4. HP: 31/41 MP: 4/4
  2441 | D:3      | Found a glowing drain.
  2449 | D:3      | Reached XP level 5. HP: 34/47 MP: 5/5
  2452 | D:3      | Reached skill level 6 in Axes
  2465 | Sewer    | Entered a sewer
  3724 | Sewer    | Noticed a kobold brigand
  3761 | Sewer    | Killed a kobold brigand
  3762 | Sewer    | Reached skill level 5 in Fighting
  3762 | Sewer    | Reached skill level 7 in Axes
  3762 | Sewer    | Reached XP level 6. HP: 21/56 MP: 6/6
  4234 | Sewer    | HP: 1/56 [kobold brigand/+0 dagger (6)]
  4994 | D:3      | Reached XP level 7. HP: 58/61 MP: 7/7
  5391 | D:4      | Reached skill level 8 in Axes
  5833 | D:4      | Noticed Robin
  5901 | D:4      | Killed Robin
  5985 | D:4      | Noticed Blork the orc
  5993 | D:4      | Reached skill level 9 in Axes
  6006 | D:4      | Killed Blork the orc
  6086 | D:4      | Noticed Eustachio
  6339 | D:4      | Killed Eustachio
  6340 | D:4      | Reached XP level 8. HP: 32/70 MP: 8/8
  6593 | D:4      | Noticed Grinder
  6620 | D:4      | Killed Grinder
  6621 | D:4      | Reached skill level 5 in Armour
  6806 | D:5      | Entered Level 5 of the Dungeon
  6913 | D:5      | Reached skill level 10 in Axes
  7351 | D:5      | Reached XP level 9. HP: 79/79 MP: 9/9
  7712 | D:5      | Found Jacworr's Magic Scroll Emporium.
  7720 | D:5      | Bought 3 scrolls of identify for 60 gold pieces
  7888 | D:5      | Reached skill level 11 in Axes
  8627 | D:6      | Noticed a two-headed ogre
  8637 | D:6      | HP: 3/79 [two-headed ogre/+0 dire flail (18)]
  8700 | D:6      | Slain by a two-headed ogre

Illustrated notes

Levels and vault maps discovered:
D:1:      grunt_arrival_lava_bath, layout_basic,
          nicolae_ecumenical_snake_handling
D:2:      layout_basic
D:3:      layout_basic, portal_sewer_entry_b
D:4:      layout_rooms, uniq_robin, uniq_blork_the_orc, uniq_eustachio,
          uniq_grinder
D:5:      layout_cave_pools, serial_shops, shop_fountains,
          kennysheep_opposing_triangles
D:6:      layout_loops_ring, hangedman_decor_points

Skill      XL: |  1  2  3  4  5  6  7  8  9 |
---------------+----------------------------+-----
Fighting       | 4 5 6 7 |  7.6
Armour         | 1 2 3 4 6 8 |  8.4
Axes           | 5 7 9 10 11 | 11.3
Dodging        | |  2.4
Stealth        | |  1.5

Action                   |  1- 3 |  4- 6 |  7- 9 || total
-------------------------+-------+-------+-------++-------
Melee: Hand axe          |   102 |   313 |   236 ||   651
       Punch             |     2 |     1 |     3 ||     6
       Unarmed           |       |       |     1 ||     1
       Mace              |       |       |    98 ||    98
       War axe           |       |       |   105 ||   105
  Use: Scroll            |       |       |     7 ||     7
 Stab: Sleeping          |     4 |     4 |     3 ||    11
       Distracted        |       |       |     1 ||     1
Armor: Robe              |    28 |    62 |       ||    90
       Ring mail         |       |       |   106 ||   106
       Skin              |       |       |     7 ||     7
       Chain mail        |       |       |   212 ||   212
Dodge: Dodged            |    81 |   157 |   243 ||   481
